 Dungeon Crawl Stone Soup version 0.29.1-12-g30fa7ad0bf (webtiles) character file.

Game seed: 3823648178857477700

115509 BlueDiskette the Severer (level 16, -4/151 HPs)
             Began as a Minotaur Berserker on Dec 25, 2022.
             Was a High Priest of Trog.
             Slain by a six-headed hydra (8 damage)
             ... on level 4 of the Swamp on Dec 26, 2022.
             The game lasted 02:54:27 (32128 turns).

BlueDiskette the Severer (Minotaur Berserker)      Turns: 32128, Time: 02:54:28

Health: -4/151     AC: 33    Str: 36    XL:     16   Next: 18%
Magic:  15/15      EV: 10    Int:  4    God:    Trog [*****.]
Gold:   415        SH:  0    Dex:  7    Spells: 15/15 levels left

rFire   + . .      SeeInvis .   w - +8 frozen axe "Frostbite" {freezing cloud, *Noise Fly rC+}
rCold   + . .      Faith    .   (shield currently unavailable)
rNeg    + . .      Spirit   .   O - +7 plate armour {rF+}
rPois   .          Reflect  .   H - +0 hat
rElec   .          Harm     .   D - +0 cloak
rCorr   +          Rampage  .   C - +2 pair of gloves "Ruddext" {rN+ Slay+3}
Will    ++++.                   c - +1 pair of boots
Stlth   ..........              y - amulet "Huath" {RegenMP Fly Str+7 Dex-4}
HPRegen 1.35/turn               r - ring of resist corrosion
MPRegen 0.54/turn               F - ring of willpower

@: about to teleport, strong-willed (expiring), flying, regenerating (expiring),
slowed, very slow
A: horns 2, retaliatory headbutt
a: Renounce Religion, Berserk, Trog's Hand, Brothers in Arms


You were on level 4 of the Swamp.
You worshipped Trog.
Trog was extremely pleased with you.
You visited 5 branches of the dungeon, and saw 27 of its levels.

You collected 2430 gold pieces.
You spent 2015 gold pieces at shops.

Inventory:

Hand Weapons
 j - a +8 morningstar
 w - the +8 frozen axe "Frostbite" (weapon) {freezing cloud, *Noise Fly rC+}
   (You acquired it on level 5 of the Dungeon)

   It freezes those it strikes, dealing additional cold damage.
   It can also slow down cold-blooded creatures.
   It occasionally leaves clouds of freezing vapour upon striking a foe.
   It grants immunity to clouds of freezing vapour.
   rC:        It protects you from cold.
   Fly:       It grants you flight.
   *Noise:    It may make noises in combat.
 K - the +8 battleaxe "Dinoch" {venom, +Blink rElec Dex+4}
   (You found it on level 2 of the Lair of Beasts)

   It poisons the flesh of those it strikes.
   Dex:       It affects your dexterity (+4).
   rElec:     It insulates you from electricity.
   +Blink:    It lets you blink.
Missiles
 a - 149 stones
 k - 8 boomerangs (quivered)
 G - 2 throwing nets
Armour
 c - a +1 pair of boots (worn)
 C - the +2 pair of gloves "Ruddext" (worn) {rN+ Slay+3}
   (You bought it in a shop on level 4 of the Dungeon)

   Slay:      It affects your accuracy & damage with ranged weapons and melee
   (+3).
   rN:        It protects you from negative energy.
 D - a +0 cloak (worn)
 H - a +0 hat (worn)
 O - a +7 plate armour of fire resistance (worn)
Jewellery
 f - a +6 ring of strength
 l - a ring of protection from cold
 m - a ring of protection from fire
 r - a ring of resist corrosion (left hand)
 y - the amulet "Huath" (around neck) {RegenMP Fly Str+7 Dex-4}
   (You found it on level 7 of the Dungeon)

   [amulet of magic regeneration]

   It increases your rate of magic regeneration.
   Str:       It affects your strength (+7).
   Dex:       It affects your dexterity (-4).
   Fly:       It grants you flight.
 F - a ring of willpower (right hand)
Wands
 o - a wand of roots (38)
 s - a wand of quicksilver (24)
 E - a wand of digging (6)
 L - a wand of polymorph (9)
 M - a wand of flame (2)
Scrolls
 b - 4 scrolls of fear
 e - 3 scrolls of enchant weapon
 h - a scroll of fog
 p - 6 scrolls of immolation
 q - 3 scrolls of teleportation
 A - 2 scrolls of brand weapon
 B - 3 scrolls of magic mapping
 I - 2 scrolls of identify
Potions
 g - a potion of haste
 n - 3 potions of might
 t - 4 potions of lignification
 u - 2 potions of flight
 v - a potion of ambrosia
 x - 2 potions of cancellation
 z - 5 potions of magic
Miscellaneous
 J - a tin of tremorstones (2/2)


   Skills:
 - Level 16.2 Fighting
 - Level 20.5 Axes
 - Level 8.4 Throwing
 - Level 18.3 Armour
 + Level 5.3 Dodging
 - Level 8.2 Evocations


You had 15 spell levels left.
You didn't know any spells.
Your spell library was empty.

Dungeon Overview and Level Annotations

Branches:
Dungeon (15/15)            Temple (0/1) D:4            Lair (5/5) D:9
  Swamp (4/4) Lair:2       Spider (0/4) Lair:3        Slime (0/5) Lair:5
    Orc (2/2) D:10            Elf (0/3) Orc:2        Depths (1/4) D:15
 Vaults: D:13-14

Altars:
Elyvilon
Kikubaaqudgha
Okawaru
Ru
Sif Muna
Uskayaw
Vehumet
Wu Jian
Zin
Jiyva

Shops:
D:4 *   D:5 *[[(   D:7 *   D:12 !   D:15 (   Orc:1 ?   Orc:2 !!*?(

Portals:
Trove: D:11 (give 8 scrolls of fear)

Annotations:
D:4 3 runed translucent doors, wormed's ghost, novice KoMo
Lair:3 exclusion: oklob plant
Lair:5 2 runed translucent doors
Swamp:2 1 runed translucent door, Ricegish's ghost, adept GnFi


Innate Abilities, Weirdness & Mutations

You have a pair of horns on your head.
You reflexively headbutt those who attack you in melee.


Message History

The will-o-the-wisp gestures.
The will-o-the-wisp conjures some foxfire!
The swamp drake bites you but does no damage.
The six-headed hydra bites you.
* * * LOW HITPOINT WARNING * * *
The six-headed hydra bites you but does no damage. x2
The six-headed hydra bites you.
* * * LOW HITPOINT WARNING * * *
The six-headed hydra bites you but does no damage. x2 2 foxfires come into view.
You feel much better. The swamp drake breathes poison at you.
The noxious blast misses you.
The will-o-the-wisp gestures.
The will-o-the-wisp conjures some foxfire!
The six-headed hydra bites you but does no damage. x2
The six-headed hydra bites you.
* * * LOW HITPOINT WARNING * * *
The six-headed hydra bites you but does no damage. x2
The six-headed hydra barely misses you. The foxfire hits you. You resist.
* * * LOW HITPOINT WARNING * * *
The swamp drake bites you but does no damage.
The six-headed hydra bites you but does no damage.
The six-headed hydra completely misses you.
The six-headed hydra bites you!
* * * LOW HITPOINT WARNING * * *
The six-headed hydra bites you but does no damage. x3 2 foxfires come into view.
As you read the scroll of teleportation, it crumbles to dust.
You feel strangely unstable.
You are engulfed in noxious fumes.
The foxfire hits you but does no damage.
The swamp drake barely misses you. You furiously retaliate!
You headbutt the swamp drake!
A swamp drake comes into view.
The six-headed hydra bites you!
* * * LOW HITPOINT WARNING * * *
The six-headed hydra bites you!
* * * LOW HITPOINT WARNING * * *
The six-headed hydra bites you!
You die...

~~~~§~/~..~~~~.
~~~~~..~~~.~~~..
~~~~.♣.....♣...~
~~~..~...§~..~~~
.~
..♣..~...~~~~.~.
.~
.~~~~~~..~~~....
~~
.~~~~~~.§..♣~...
♣~
.~~~~~§vD°§§§~.~
~♣.
~~~~~♣@k°§v§~k~
... ~~~
♣°°k§≈♣§§§~ ..~
. ♣≈°°≈°§§§§..
♣.~
~w♣≈≈≈≈≈♣~...
~~~
~..~♣≈≈≈♣♣..♣
~~~ ~§~~~~~♣≈♣♣
.♣ ~~§
~~~~~~~.~♣ ♣ §~~
.~~~.§. ♣♣ ~~§
~~~


You could see a six-headed hydra, a tyrant leech, a will-o-the-wisp and 3 swamp
drakes.

Vanquished Creatures
  Jorgrun (Orc:1)
  A frost giant (D:15)
  A ghoul (Swamp:4)
  4 eleionomae
  5 bunyips
  A fire dragon (Swamp:4)
  Harold (D:9)
  6 boulder beetles
  A ghost crab (Swamp:4)
  A spriggan air mage (Swamp:4)
  Fannar (D:12)
  A rakshasa (D:15)
  3 centaur warriors
  12 hydras
  3 two-headed ogres
  6 alligators
  3 tengu warriors
  3 orc high priests (Orc:2)
  Sonja (Lair:5)
  A death drake (Swamp:3)
  7 goliath frogs
  5 bog bodies
  4 spriggan druids
  4 swamp dragons
  Pikel (D:5)
  A lindwurm (Lair:5)
  9 orc knights
  A necromancer (Lair:3)
  A deep elf pyromancer (D:14)
  12 ugly things
  6 orc sorcerers
  3 will-o-the-wisps
  3 slime creatures (D:15)
  4 cyclopes
  2 manticores
  Joseph (D:7)
  28 elephants
  A torpor snail (Lair:5)
  2 molten gargoyles (Lair:5)
  2 gargoyles
  3 kobold demonologists (D:12)
  3 black mambas
  4 cane toads
  3 rime drakes
  Maggie (D:9)
  6 komodo dragons
  3 unseen horrors
  A tengu conjurer (D:12)
  A bloated husk (Swamp:2)
  3 meliai (D:15)
  5 trolls
  2 polar bears
  Grinder (D:6)
  9 hornets
  5 tyrant leeches
  17 blink frogs
  4 dream sheep (Lair:5)
  A culicivora (shapeshifter) (D:14)
  A centaur simulacrum (D:14)
  A jumping spider (Lair:3)
  16 yaks
  18 spriggans
  3 water elementals (D:14)
  8 wyverns
  3 wraiths
  2 steam dragons (Lair:5)
  6 basilisks
  17 vampire mosquitoes
  6 swamp worms
  Menkaure (D:6)
  5 wargs
  9 water moccasins
  An acid dragon (D:11)
  5 hell hounds (Lair:5)
  2 swamp drakes
  2 black bears
  25 orc warriors
  7 ogres
  14 centaurs
  11 wolves
  4 phantoms
  4 kobold brigands
  3 bullfrogs
  3 necrophages
  2 scorpions (D:6)
  A gnoll sergeant (D:12)
  7 wights (D:9)
  16 killer bees
  3 electric eels
  8 howler monkeys
  5 lava snakes (Lair:5)
  A jelly (D:8)
  20 orc priests
  2 gnoll boudas
  4 hounds (D:5)
  Jessica (D:2)
  5 iguanas
  Ijyb (D:3)
  28 orc wizards
  2 hell rats (Lair:4)
  3 yak simulacra (Lair:3)
  2 polar bear simulacra (Lair:3)
  4 wolf simulacra (Lair:3)
  17 gnolls
  4 adders
  10 river rats (Lair:4)
  A white imp (D:6)
  2 ufetubi
  2 dart slugs (D:2)
  78 orcs
  An endoplasm (D:4)
  2 giant cockroaches (D:4)
  11 goblins
  7 hobgoblins
  19 kobolds
  4 quokkas
  3 ball pythons
  2 bats
  7 frilled lizards
  9 rats
  2 river rat simulacra (Lair:3)
  A butterfly (Lair:4)
699 creatures vanquished.

Vanquished Creatures (collateral kills)
  Snorg (Lair:5)
  A yak (Lair:5)
  A steam dragon (Lair:5)
  A fungus (Lair:5)
4 creatures vanquished.

Vanquished Creatures (others)
  A lindwurm (Swamp:4)
  A bloated husk (Swamp:1)
  A steam dragon (Swamp:4)
  3 swamp drakes (Swamp:4)
  An orc (D:15)
  13 bushes (D:15)
  11 foxfires
  19 fungi
  17 plants
  5 toadstools (D:7)
72 creatures vanquished.

Grand Total: 775 creatures vanquished

Notes
Turn   | Place    | Note
-------+----------+-------------------------------------------
     0 | D:1      | BlueDiskette the Minotaur Berserker began the quest for the
                  | Orb.
     0 | D:1      | Reached XP level 1. HP: 19/19 MP: 0/0
   468 | D:1      | Reached skill level 4 in Axes
   489 | D:1      | Found a faded altar of an unknown god.
   686 | D:1      | Reached XP level 2. HP: 25/26 MP: 1/1
  1310 | D:2      | Noticed Jessica
  1320 | D:2      | Killed Jessica
  1321 | D:2      | Reached skill level 5 in Axes
  1321 | D:2      | Reached XP level 3. HP: 25/31 MP: 2/2
  2586 | D:2      | Identified the +5 leather armour "Fezuruz" {rElec rF++
                  | Str-3 Slay+3}
  2887 | D:3      | Reached skill level 6 in Axes
  2887 | D:3      | Reached XP level 4. HP: 39/39 MP: 3/3
  2956 | D:3      | Identified the +9 spear of Beyond {holy, SInv}
  3212 | D:3      | Reached ** piety under Trog
  3347 | D:3      | Reached XP level 5. HP: 38/45 MP: 4/4
  3348 | D:3      | Reached skill level 7 in Axes
  3457 | D:3      | Noticed Ijyb
  3480 | D:3      | Killed Ijyb
  3751 | D:3      | Reached skill level 8 in Axes
  4287 | D:3      | Reached XP level 6. HP: 49/51 MP: 5/5
  4349 | D:3      | Found an iron altar of Okawaru.
  4419 | D:3      | Found a hide-covered altar of Uskayaw.
  4554 | D:4      | Found Gedeuseurgh's General Store.
  4612 | D:4      | Reached skill level 9 in Axes
  4619 | D:4      | Found a runed translucent gate.
  4619 | D:4      | Found a runed translucent gate.
  4619 | D:4      | Found a runed translucent gate.
  4848 | D:4      | Reached XP level 7. HP: 37/57 MP: 6/6
  4960 | D:4      | Found a staircase to the Ecumenical Temple.
  5269 | D:4      | Noticed wormed's ghost (novice KoMo)
  5471 | D:5      | Entered Level 5 of the Dungeon
  5494 | D:5      | Reached skill level 10 in Axes
  5566 | D:5      | Noticed Pikel
  5587 | D:5      | Killed Pikel
  5588 | D:5      | Reached skill level 11 in Axes
  5588 | D:5      | Reached XP level 8. HP: 64/64 MP: 7/7
  5673 | D:5      | Reached skill level 12 in Axes
  5704 | D:5      | Found an ancient bone altar of Kikubaaqudgha.
  5928 | D:5      | Found Wucoffen's General Store.
  5928 | D:5      | Found Surhaw's Armour Emporium.
  5932 | D:5      | Found Rauvim Zielo's Armour Emporium.
  5933 | D:5      | Found Qois's Antique Weapon Emporium.
  6046 | D:5      | Reached skill level 13 in Axes
  6247 | D:6      | Reached *** piety under Trog
  6350 | D:6      | Found a sacrificial altar of Ru.
  6387 | D:6      | Noticed Menkaure
  6395 | D:6      | Killed Menkaure
  6993 | D:6      | Reached XP level 9. HP: 70/70 MP: 8/8
  6996 | D:6      | Noticed Grinder
  7009 | D:6      | Killed Grinder
  7010 | D:6      | Reached skill level 14 in Axes
  7010 | D:6      | Reached skill level 5 in Armour
  7555 | D:7      | Noticed Joseph
  7571 | D:7      | Killed Joseph
  7606 | D:7      | Identified the amulet "Huath" {RegenMP Fly Str+7 Dex-4}
  7678 | D:7      | Found Zin's Purification Station.
  7680 | D:7      | Found a glowing silver altar of Zin.
  7858 | D:7      | Reached skill level 15 in Axes
  8471 | D:8      | Reached skill level 1 in Evocations
  8493 | D:8      | Noticed a troll
  8507 | D:8      | Killed a troll
  8652 | D:8      | Reached XP level 10. HP: 77/77 MP: 9/9
  8832 | D:8      | Found a flagged portal.
  8966 | D:8      | Identified the +6 chain mail "Ezulomaf" {Str+4 Stlth+}
  9145 | D:4      | Bought the +2 pair of gloves "Ruddext" {rN+ Slay+3} for 383
                  | gold pieces
  9198 | D:5      | Bought a +0 cloak for 54 gold pieces
  9274 | D:9      | Found a staircase to the Lair.
  9756 | D:9      | Reached **** piety under Trog
  9808 | D:9      | Noticed Maggie
  9812 | D:9      | Killed Maggie
  9813 | D:9      | Noticed Harold
  9828 | D:9      | Killed Harold
 10059 | D:9      | Reached skill level 16 in Axes
 10428 | D:10     | Entered Level 10 of the Dungeon
 10428 | D:10     | Noticed a two-headed ogre
 10437 | D:10     | Killed a two-headed ogre
 10438 | D:10     | Reached skill level 5 in Evocations
 10506 | D:10     | Found a shimmering blue altar of Sif Muna.
 10736 | D:10     | Reached XP level 11. HP: 81/82 MP: 10/10
 11252 | D:10     | Found a staircase to the Orcish Mines.
 11438 | D:11     | Found a portal to a secret trove of treasure.
 11579 | D:11     | Reached skill level 10 in Armour
 11689 | D:11     | Noticed a two-headed ogre
 11694 | D:11     | Killed a two-headed ogre
 11695 | D:11     | Reached skill level 17 in Axes
 11742 | D:11     | Noticed a six-headed hydra
 11756 | D:11     | Killed a six-headed hydra
 11757 | D:11     | Reached skill level 5 in Fighting
 11875 | D:11     | Noticed a boulder beetle
 11883 | D:11     | Killed a boulder beetle
 12051 | D:11     | Noticed a brown ugly thing
 12058 | D:11     | Killed a brown ugly thing
 12060 | D:11     | Noticed an eight-headed hydra
 12069 | D:11     | Killed an eight-headed hydra
 12366 | Lair:1   | Entered Level 1 of the Lair of Beasts
 12606 | Lair:1   | Reached XP level 12. HP: 56/100 MP: 11/11
 12868 | Lair:1   | Reached skill level 18 in Axes
 12988 | Lair:1   | Noticed a five-headed hydra
 13016 | Lair:1   | Killed a five-headed hydra
 14223 | Lair:2   | You are sucked into a shaft and drop 2 floors!
 14469 | Lair:3   | Noticed an eight-headed hydra
 14598 | Lair:2   | Found a staircase to the Swamp.
 14640 | Lair:2   | Identified the +8 battleaxe "Dinoch" {venom, +Blink rElec
                  | Dex+4}
 15036 | Lair:3   | Noticed a boulder beetle
 15051 | Lair:3   | Killed a boulder beetle
 15102 | Lair:3   | Noticed a four-headed hydra
 15111 | Lair:3   | Killed a four-headed hydra
 15112 | Lair:3   | Reached skill level 19 in Axes
 15147 | Lair:3   | Killed an eight-headed hydra
 15332 | Lair:3   | Found a hole to the Spider Nest.
 15536 | Lair:3   | Reached XP level 13. HP: 113/113 MP: 12/12
 16035 | D:5      | Bought a +2 plate armour of fire resistance for 480 gold
                  | pieces
 16649 | Lair:4   | Reached skill level 20 in Axes
 16895 | Lair:4   | Reached skill level 10 in Fighting
 16977 | Lair:4   | Identified the +6 rapier of the Swamp {antimagic, rElec rF+
                  | Int+4}
 17096 | Lair:4   | Reached ***** piety under Trog
 17391 | Lair:5   | Entered Level 5 of the Lair of Beasts
 17417 | Lair:5   | Noticed Snorg
 17431 | Lair:5   | Killed Snorg
 17720 | Lair:5   | Noticed Sonja
 17723 | Lair:5   | Killed Sonja
 18122 | Lair:5   | Found a staircase to the Slime Pits.
 18122 | Lair:5   | Found a viscous altar of Jiyva.
 18537 | Lair:5   | Noticed a fire dragon
 18544 | Lair:5   | Found a large runed translucent door.
 18544 | Lair:5   | Found a large runed translucent door.
 19385 | Lair:5   | Reached XP level 14. HP: 117/126 MP: 13/13
 19889 | Orc:1    | Entered Level 1 of the Orcish Mines
 19991 | Orc:2    | Entered Level 2 of the Orcish Mines
 19991 | Orc:2    | Found Bunyu's Distillery.
 20189 | Orc:2    | Reached skill level 1 in Throwing
 20406 | Orc:2    | Found a staircase to the Elven Halls.
 20546 | Orc:2    | Reached skill level 15 in Armour
 20546 | Orc:2    | Found Tyozapp's Weapon Emporium.
 20547 | Orc:2    | Received a gift from Trog
 21180 | Orc:2    | Found Erao's Magic Scroll Boutique.
 21187 | Orc:2    | Bought a scroll of enchant weapon for 90 gold pieces
 21187 | Orc:2    | Bought a scroll of enchant armour for 90 gold pieces
 21187 | Orc:2    | Bought a scroll of blinking for 90 gold pieces
 21187 | Orc:2    | Bought a scroll of identify for 24 gold pieces
 21188 | Orc:2    | Found Purie's Assorted Antiques.
 21190 | Orc:2    | Found Ufriz's Distillery.
 21798 | Orc:1    | Found Hucaqemi's Magic Scroll Shoppe.
 22026 | Orc:1    | Noticed Jorgrun
 22036 | Orc:1    | Killed Jorgrun
 22780 | D:5      | Bought a scroll of acquirement for 624 gold pieces
 22782 | D:5      | Acquired the +8 frozen axe "Frostbite" {freezing cloud,
                  | *Noise Fly rC+}
 22782 | D:5      | Found the +8 frozen axe "Frostbite" {freezing cloud, *Noise
                  | Fly rC+}
 23263 | D:12     | Found Jefapt's Distillery.
 23326 | D:12     | Noticed Fannar
 23340 | D:12     | Killed Fannar
 23657 | D:12     | Found an ornate altar of the Wu Jian Council.
 23934 | D:13     | Reached skill level 5 in Throwing
 24012 | D:13     | You are sucked into a shaft and drop 2 floors!
 24012 | D:15     | Entered Level 15 of the Dungeon
 24260 | D:15     | Found Tecwailiu's Weapon Boutique.
 25653 | Orc:2    | Bought a scroll of enchant weapon for 180 gold pieces
 26241 | D:15     | Reached XP level 15. HP: 138/138 MP: 14/14
 26375 | D:15     | Noticed a frost giant
 26591 | D:15     | Found a radiant altar of Vehumet.
 26811 | D:15     | Killed a frost giant
 27554 | D:15     | Found a staircase to the Depths.
 27564 | Depths:1 | Entered Level 1 of the Depths
 27927 | Swamp:1  | Entered Level 1 of the Swamp
 28199 | Swamp:1  | Reached skill level 15 in Fighting
 28728 | Swamp:1  | Found a white marble altar of Elyvilon.
 29544 | Swamp:2  | Found a runed translucent door.
 30339 | Swamp:2  | Noticed Ricegish's ghost (adept GnFi)
 30968 | Swamp:3  | Reached XP level 16. HP: 151/151 MP: 15/15
 31394 | Swamp:4  | Entered Level 4 of the Swamp
 31634 | Swamp:4  | Identified the +9 dagger "Adantu Ygei" {drain, Str+5}
 32028 | Swamp:4  | Reached skill level 5 in Dodging
 32122 | Swamp:4  | HP: 3/151 [poisoned by a death drake (dark miasma)]
 32128 | Swamp:4  | HP: 4/151 [six-headed hydra (11)]
 32128 | Swamp:4  | Slain by a six-headed hydra

Illustrated notes

Levels and vault maps discovered:
D:1:      ncdulo_lavacross, layout_loops_corners, serial_aquarium,
          aquarium_bridge_square [aquarium_subvault_wall,
          aquarium_subvault_bridge, aquarium_subvault_window,
          aquarium_subvault_bridge], aquarium_bridge_long_separate
          [aquarium_subvault_bridge, aquarium_subvault_window,
          aquarium_subvault_window, aquarium_subvault_bridge,
          aquarium_subvault_window, aquarium_subvault_wall],
          aquarium_window_corridor_3, aquarium_window_1, aquarium_window_2,
          aquarium_view_2b, aquarium_view_2f, aquarium_pool_five,
          basic_ecumenical_altar, chequers_serial_rivers_room_a
D:2:      layout_loops_corners, serial_rivers, chequers_serial_rivers_small_3,
          chequers_serial_rivers_large_a, chequers_serial_rivers_small_b,
          chequers_serial_rivers_micro_c, chequers_serial_rivers_micro_c,
          supply_closet_lemuel, hex_tiny, roderic_cross_of_infinity,
          uniq_jessica
D:3:      layout_basic, eat_drink_and_be_merry_uskayaw, okawaru_gym_becter,
          kennysheep_generic_room_9, uniq_ijyb
D:4:      layout_gridville, minmay_temple_entry_enclosed_plants, serial_shops,
          shop, gammafunk_ghost_split, minmay_bisected
D:5:      layout_cave_pools, mainiacjoe_overflow_chevrons,
          minmay_shop_grid_forest, uniq_pikel
D:6:      layout_loops_ring, nicolae_ru_great_annihilating_truth, uniq_grinder,
          uniq_menkaure
D:7:      layout_gridville, zin_purify, minmay_gold_behind_fungi, st_stairs_13,
          nicolae_titane, uniq_joseph
D:8:      layout_basic, enter_bailey_3, nicolae_figureground_sparkle
D:9:      layout_irregular_city, erik_lair_orcish_takeover, uniq_harold,
          uniq_maggie
D:10:     layout_rooms, kennysheep_mini_moat, erik_orc_1
D:11:     layout_rooms, nicolae_trove_entry_crystal
D:12:     layout_long_grid, serial_shops, shop, grunt_ministairs_5,
          minmay_misc_feat_hallway, nicolae_wu_jian_glorious_leap, uniq_fannar
D:13:     layout_stronghold, david_vaults_4, serial_shops,
          nicolae_shop_advertising_works [nicolae_subvault_shop_adworks],
          lemuel_flamethrower_hall, uniq_maurice
D:14:     layout_cave_pods, kennysheep_big_empty_room, serial_rivers,
          chequers_serial_rivers_room_b, chequers_serial_rivers_room_b,
          chequers_serial_rivers_marsh, chequers_serial_rivers_small_b,
          chequers_serial_rivers_small_3, chequers_serial_rivers_large_b,
          hangedman_abyss_or_decor_stabs
D:15:     grunt_enter_depths_snipers, layout_rooms, fiery_altar_vehumet,
          serial_shops, shop, serial_corexii_hall, corexii_hall_statues_x,
          corexii_hall_statues_t, minmay_hedge_maze
Lair:1:   layout_gridlike, minmay_stone_trees_small, infiniplex_staircase_pool,
          serial_bayou_shore_b
Lair:2:   layout_regular_city, skrybe_swamp_entry_bodies,
          chequers_serial_rivers_small_b, serial_bayou_shore_a
Lair:3:   layout_big_grid, spider_nest_entry_a, eino_house_with_fridge
Lair:4:   layout_cave_pods, kennysheep_rathole, lemuel_fruit_fields,
          lemuel_fruit_tree
Lair:5:   cheibrodos_lair_end_hotspot, layout_cave_shapes, slime_entry_1,
          uniq_snorg, uniq_sonja
Swamp:1:  layout_falls_marsh, lemuel_altar_in_water2, swamp_pool3
Swamp:2:  nicolae_swamp_secret_spriggan_hideout, layout_falls_marsh,
          ebering_ghost_reflecting_pool, nicolae_swamp_very_dense_foliage
Swamp:3:  layout_basic_swamp, evilmike_swamp_ruin_rubble_1
Swamp:4:  swamp_fiery, layout_basic_swamp, swamp_pool1
Orc:1:    layout_diamond_mine, serial_shops, shop, uniq_jorgrun
Orc:2:    st_orc_elflike, layout_diamond_mine, serial_shops, shop
Depths:1: layout_cave_pools, enter_ziggurat_a, special_room
          [special_room_morgue], hell_entry, abyss_entry_flame_altar,
          minmay_crystal_water, minmay_misc_feat_cross, kennysheep_potato

Skill      XL: |  1  2  3  4  5  6  7  8  9 10 11 12 13 14 15 16 |
---------------+-------------------------------------------------+-----
Axes           | 4 5 6 8 9 11 13 15 16 17 19 20 | 20.5
Armour         | 4 8 9 11 13 14 16 18 | 18.3
Evocations     | 1 5 6 8 |  8.2
Fighting       | 7 9 12 14 16 | 16.2
Throwing       | 6 8 |  8.4
Dodging        | 5 |  5.3

Action                   |  1- 3 |  4- 6 |  7- 9 | 10-12 | 13-15 | 16-18 || total
-------------------------+-------+-------+-------+-------+-------+-------++-------
Melee: Hand axe          |    13 |       |       |       |       |       ||    13
       War axe           |    55 |   103 |   267 |   116 |       |       ||   541
       Headbutt          |     7 |    10 |    37 |    79 |   109 |     8 ||   250
       Punch             |       |       |     3 |       |     1 |       ||     4
       Battleaxe         |       |       |       |   289 |   345 |       ||   634
       Morningstar       |       |       |       |    23 |    17 |     2 ||    42
       Executioner's axe |       |       |       |       |   300 |    44 ||   344
Throw: Stone             |    27 |    10 |    22 |    14 |       |       ||    73
       Boomerang         |       |       |       |    88 |   362 |    74 ||   524
Invok: Berserk           |     3 |     2 |     6 |     6 |     7 |       ||    24
       Trog's Hand       |       |     1 |     9 |    14 |    30 |     3 ||    57
       Brothers in Arms  |       |       |       |       |     3 |       ||     3
Evoke: Wand              |       |       |       |    26 |    31 |       ||    57
  Use: Scroll            |       |     6 |     2 |     8 |    19 |     7 ||    42
       Potion            |       |     1 |       |       |     3 |    10 ||    14
 Stab: Sleeping          |     1 |       |       |       |       |       ||     1
       Paralysed         |       |       |       |     9 |    13 |       ||    22
Armor: Animal skin       |    23 |       |       |       |       |       ||    23
       Ring mail         |     1 |    16 |       |       |       |       ||    17
       Plate armour      |       |    21 |   137 |   267 |   441 |    65 ||   931
Dodge: Dodged            |    29 |    63 |    88 |   155 |   250 |    32 ||   617
